 Dungeon Crawl Stone Soup version 0.21.1-1-g345015f (webtiles) character file.

44 inc the Changer (level 3, 23/23 HPs)
             Began as an Octopode Transmuter on Apr 23, 2018.
             Quit the game on level 2 of the Dungeon.
             The game lasted 00:01:15 (1591 turns).

inc the Changer (Octopode Transmuter)               Turns: 1591, Time: 00:01:16

Health: 23/23      AC:  1    Str:  9    XL:     3   Next: 60%
Magic:  6/6        EV: 13    Int: 16    God:
Gold:   30         SH:  0    Dex: 12    Spells: 5/6 levels left

rFire    . . .     SeeInvis .     - Unarmed
rCold    . . .     Gourm    .   (no shield)
rNeg     . . .     Faith    .   (helmet restricted)
rPois    .         Spirit   .   (no amulet)
rElec    .         Reflect  .   (no ring)
rCorr    .         Harm     .   (no ring)
MR       .....                  (no ring)
Stlth    ++........             (no ring)
HPRegen  0.07/turn              (no ring)
MPRegen  0.10/turn              (no ring)
                                (no ring)
                                (no ring)

@: no status effects
A: almost no armour, stealthy swim, amphibious, 8 rings, constrict 8, camouflage
1, gelatinous body 1
a: no special abilities


You were on level 2 of the Dungeon.
You were not hungry.

You visited 1 branch of the dungeon, and saw 2 of its levels.

You collected 30 gold pieces.

Inventory:

Missiles
 a - 12 arrows
Jewellery
 h - an uncursed amulet of harm {unknown}
 i - a +3 ring of evasion {unknown}
 m - an uncursed ring of positive energy {unknown}
Wands
 n - a wand of enslavement (20)
Scrolls
 e - 2 scrolls of teleportation {unknown}
 f - 4 scrolls of identify {unknown}
 g - a scroll of amnesia {unknown}
 k - a scroll of blinking {unknown}
 l - a scroll of fog {unknown}
Potions
 d - a potion of curing {unknown}
Books
 b - a book of Changes

   Spells                             Type                      Level
   a - Beastly Appendage              Transmutation                1
   b - Sticks to Snakes               Transmutation                2
   c - Spider Form                    Transmutation/Poison         3
   d - Ice Form                       Ice/Transmutation            4
   e - Blade Hands                    Transmutation                5
Comestibles
 c - 5 rations
 j - 2 chunks of flesh


   Skills:
 - Level 1.0 Fighting
 - Level 2.0 Dodging
 - Level 3.0 Unarmed Combat
 - Level 2.0 Spellcasting
 + Level 3.9 Transmutations


You had 5 spell levels left.
You knew the following spells:

 Your Spells              Type           Power        Failure   Level  Hunger
a - Beastly Appendage     Tmut           ##....       4%          1    #......


Dungeon Overview and Level Annotations

Branches:
Dungeon (2/15)

Altars:
Hepliaklqana


Innate Abilities, Weirdness & Mutations

You cannot wear most types of armour.
You are very stealthy in the water. (Stealth+)
You are amphibious.
You can wear up to eight rings at the same time.
You can use your tentacles to constrict eight enemies at once.
Your skin changes colour to match your surroundings (Stealth+).
Your rubbery body absorbs attacks. (AC +1, EV +1)


Message History

Found a robe.
A bat is nearby!
Found a scroll labeled KACKONWANOIKK.
The bat hits you. The bat misses you.
You tentacle-slap the bat.
You kill the bat!
No target in view!
No target in view!
No target in view!
No target in view!
No target in view!
No target in view!
No target in view!
No target in view!
Found a hand axe.
e - 2 scrolls labeled KACKONWANOIKK (gained 1) No target in view!
You see here a hand axe.
A goblin comes into view. It is wielding a club.
Are you sure you want to abandon this character and quit the game? (Confirm with "yes".)

#.......##.###>#
###.....##.# #..
#...####.#####
##...)..[....
#.......####
#.####### #.#
#######.#
#.@.....#
#.####### #. #.
### #. ..# #.
#.# #. ##.# .g
##... ##....


You could see a goblin (sleeping).

Vanquished Creatures
  2 oozes (D:1)
  A worm (D:2)
  3 leopard geckos
  2 giant cockroaches
  3 goblins
  2 hobgoblins (D:1)
  4 jackals (D:2)
  2 kobolds
  2 bats
  2 frilled lizards (D:1)
  5 rats
28 creatures vanquished.

Notes
Turn   | Place    | Note
-------+----------+-------------------------------------------
     0 | D:1      | inc the Octopode Transmuter began the quest for the Orb.
     0 | D:1      | Reached XP level 1. HP: 13/13 MP: 3/3
   331 | D:1      | Reached XP level 2. HP: 14/18 MP: 5/5
  1022 | D:1      | Reached XP level 3. HP: 10/23 MP: 6/6
  1478 | D:2      | Found a hazy altar of Hepliaklqana.
  1591 | D:2      | Quit the game

Skill      XL: |  1  2 |
---------------+-------+-----
Transmutations | 3 |  3.9
Fighting       | |  1.0
Dodging        | |  2.0
Unarmed Combat | |  3.0
Spellcasting   | |  2.0

Action                   || total
-------------------------++-------
Melee: Unarmed           ||    58
       Constrict         ||    13
       Tentacles         ||    11
       Punch             ||     2
 Stab: Sleeping          ||     6
  Eat: Chunk             ||     2
Armor: Skin              ||     2
Dodge: Dodged            ||    22
